 Dungeon Crawl Stone Soup version 0.19-a0-1899-g2d93087 (webtiles) character file.

6013 PurpleRed the Cleaver (level 11, -5/90 HPs)
             Began as a Formicid Fighter on Oct 20, 2016.
             Was a Believer of Makhleb.
             Slain by a yaktaur captain (18 damage)
             ... on level 10 of the Dungeon.
             The game lasted 00:14:52 (7189 turns).

PurpleRed the Cleaver (Formicid Fighter)            Turns: 7189, Time: 00:14:53

Health: -5/90      AC: 14    Str: 25    XL:     11   Next: 10%
Magic:  3/3        EV: 11    Int:  7    God:    Makhleb [**....]
Gold:   135        SH: 10    Dex: 15    Spells: 0 memorised, 10 levels left

rFire  . . .     SeeInvis +     J - +3 broad axe (antimagic)
rCold  . . .     Gourm    .     C - +0 chain mail
rNeg   . . .     Faith    .     c - +0 shield
rPois  +         Spirit   .     (helmet unavailable)
rElec  .         Reflect  .     r - +2 cloak {rPois}
rCorr  .         Harm     .     z - -1 pair of gloves
MR     +....                    (no boots)
Stlth  ..........               (no amulet)
                                (no ring)
                                (no ring)

@: agile
A: permanent stasis, dig shafts and tunnels, four strong arms, antennae 3
a: Dig, Shaft Self, Minor Destruction, Renounce Religion


You were on level 10 of the Dungeon.
You worshipped Makhleb.
Makhleb was pleased with you.
You were hungry.

You visited 2 branches of the dungeon, and saw 11 of its levels.

You collected 411 gold pieces.
You spent 276 gold pieces at shops.

Inventory:

Hand Weapons
 a - a +0 war axe
 e - a +2 hand axe of venom
 w - the +10 morningstar "Feom" {holy, +Fly rF+}
   (You found it on level 5 of the Dungeon)

   It has been blessed by the Shining One to cause great damage to the undead
   and demons.
   It protects you from fire.
   It lets you fly.
 J - a +3 antimagic broad axe (weapon)
Armour
 c - a +0 shield (worn)
 r - a +2 cloak of poison resistance (worn)
 z - a -1 pair of gloves (worn)
 C - a +0 chain mail (worn)
Wands
 b - a wand of polymorph (9/24)
 l - a wand of lightning (6/15)
 o - a wand of acid (3/15)
 v - a wand of confusion (13/48)
 y - a wand of iceblast (10/15)
 B - a wand of polymorph (16/24)
Scrolls
 E - a scroll of recharging
 F - a scroll of identify
 H - a scroll of magic mapping
 L - a scroll of fog
Potions
 d - 2 potions of might
 h - a potion of resistance
 j - 2 potions of curing
 m - 5 potions of magic
 n - a potion of mutation
 q - a potion of invisibility
 s - 2 potions of agility
 u - 3 potions of lignification
 A - 3 potions of degeneration
Books
 k - a book of Cantrips

   Spells                             Type                      Level
   a - Confusing Touch                Hexes                        1
   b - Animate Skeleton               Necromancy                   1
   c - Summon Small Mammal            Summoning                    1
   d - Apportation                    Translocation                1
 t - a book of Cantrips

   Spells                             Type                      Level
   a - Confusing Touch                Hexes                        1
   b - Animate Skeleton               Necromancy                   1
   c - Summon Small Mammal            Summoning                    1
   d - Apportation                    Translocation                1
 D - a book of Geomancy

   Spells                             Type                      Level
   a - Sandblast                      Earth                        1
   b - Passwall                       Transmutation/Earth          2
   c - Stone Arrow                    Conjuration/Earth            3
   d - Petrify                        Transmutation/Earth          4
   e - Lee's Rapid Deconstruction     Earth                        5
Comestibles
 f - 8 bread rations
 g - 13 royal jellies
 i - 5 fruits
 p - 3 meat rations
 x - 3 beef jerkies


   Skills:
 + Level 10.0 Fighting
 * Level 12.2 Axes
 + Level 6.9 Armour
 - Level 3.6 Shields


You had 10 spell levels left.
You didn't know any spells.

Dungeon Overview and Level Annotations

Branches:
Dungeon (10/15)            Temple (1/1) D:5            Lair (0/6) D:9
    Orc: D:9-12

Altars:
Cheibriados
Dithmenos
Elyvilon
Fedhas
Gozag
Hepliaklqana
Kikubaaqudgha
Makhleb
Nemelex Xobeh
Okawaru
Qazlal
Ru
Sif Muna
Uskayaw
Vehumet
Xom
Yredelemnul
Zin
The Shining One

Shops:
D:5 =   D:8 =(   D:9 (*?=


Innate Abilities, Weirdness & Mutations

You are under a permanent stasis effect.
You can dig through walls and to a lower floor.
Your four strong arms can wield two-handed weapons with a shield.
You have a pair of large antennae on your head. (SInv)


Message History

You are too injured to fight recklessly!
You are too injured to fight recklessly!
You are too injured to fight recklessly!
You are too injured to fight recklessly!
You are too injured to fight recklessly!
You are too injured to fight recklessly!
You are too injured to fight recklessly!
You are too injured to fight recklessly!
You are too injured to fight recklessly!
Unknown command.
Okay, then.
Okay, then.
Evoke which item? (* to show all) (? for menu, Esc to quit)
Zapping:
v - a wand of confusion (will waste charges)
Press: ? - help, Shift-Dir - straight line, f - yaktaur captain
Aim: a yaktaur captain (heavily wounded, chance to defeat MR: 15%)
Okay, then.
You feel agile all of a sudden. The yaktaur captain hits you!!
You die...

##### ##...##
#.....# #.....#
#..c..# #.@.#
########(###
##...##.....#
#.....#.....#
#)...†'..8..+ {
#)....#.....#
##...##.....#
##############.....#
....[..............#


You could see a yaktaur captain.

Vanquished Creatures
  2 hill giants
  2 trolls (D:10)
  A two-headed ogre (D:9)
  Prince Ribbit (D:7)
  A hornet (D:9)
  A wyvern (D:8)
  6 yaks (D:9)
  An orc warrior (D:9)
  2 sky beasts
  An ice beast (D:9)
  A hornet zombie (D:7)
  3 ogres
  2 phantoms (D:7)
  A centaur (D:5)
  A crocodile (D:9)
  2 big kobolds
  3 bullfrogs
  A wyvern skeleton (D:7)
  2 scorpions
  A howler monkey (D:6)
  A centaur zombie (D:6)
  A bullfrog zombie (D:5)
  3 crimson imps
  3 orc priests
  7 hounds
  5 jellies
  A bullfrog skeleton (D:6)
  6 orc wizards
  Jessica (D:2)
  2 iguanas
  Ijyb (D:2)
  Natasha (twice) (D:3 D:4)
  6 worker ants
  2 hound skeletons
  A worker ant zombie (D:8)
  A howler monkey zombie (D:9)
  Robin (D:4)
  A gnoll (D:1)
  7 adders
  A shadow imp (D:5)
  5 oozes (D:9)
  2 adder zombies
  3 worms
  3 dart slugs
  6 leopard geckos
  33 orcs
  5 giant cockroaches
  8 goblins
  4 hobgoblins
  3 jackals (D:5)
  4 quokkas
  6 bats
  5 frilled lizards
  8 kobolds
  A leopard gecko zombie (D:4)
  6 rats
  7 fungi (D:9)
  4 plants (D:9)
201 creatures vanquished.

Vanquished Creatures (collateral kills)
  An ice beast (D:9)
  2 rats (D:9)
  2 fungi (D:9)
5 creatures vanquished.

Vanquished Creatures (others)
  30 fungi (D:9)
  5 plants (D:9)
35 creatures vanquished.

Grand Total: 241 creatures vanquished

Notes
Turn   | Place    | Note
-------+----------+-------------------------------------------
     0 | D:1      | PurpleRed the Formicid Fighter began the quest for the Orb.
     0 | D:1      | Reached XP level 1. HP: 18/18 MP: 1/1
    96 | D:1      | Reached XP level 2. HP: 20/24 MP: 2/2
   186 | D:1      | Reached XP level 3. HP: 29/29 MP: 3/3
   254 | D:1      | Reached skill level 3 in Axes
   371 | D:2      | Noticed Jessica
   375 | D:2      | Killed Jessica
   375 | D:2      | Reached XP level 4. HP: 34/37 MP: 4/4
   637 | D:2      | Noticed Ijyb
   645 | D:2      | Killed Ijyb
   803 | D:2      | Reached skill level 4 in Axes
   803 | D:2      | Reached XP level 5. HP: 41/42 MP: 5/5
  1231 | D:3      | Noticed Natasha
  1237 | D:3      | Killed Natasha
  1312 | D:4      | Found a glowing golden altar of the Shining One.
  1312 | D:4      | Noticed Robin
  1325 | D:4      | Killed Robin
  1325 | D:4      | Reached XP level 6. HP: 35/50 MP: 6/6
  1708 | D:4      | Noticed Natasha
  1722 | D:4      | Killed Natasha
  1722 | D:4      | Reached skill level 5 in Fighting
  1722 | D:4      | Reached skill level 5 in Axes
  1770 | D:4      | Found a stormy altar of Qazlal.
  1858 | D:5      | Entered Level 5 of the Dungeon
  1915 | D:5      | Found a staircase to the Ecumenical Temple.
  1922 | Temple   | Entered the Ecumenical Temple
  2074 | D:5      | Found Ticen's Jewellery Shop.
  2262 | D:5      | Reached XP level 7. HP: 55/56 MP: 7/7
  2321 | D:5      | Reached skill level 6 in Axes
  2328 | D:5      | Found a deep blue altar of Sif Muna.
  2329 | D:5      | Found a radiant altar of Vehumet.
  2329 | D:5      | Found an ancient bone altar of Kikubaaqudgha.
  2330 | D:5      | Found a blossoming altar of Fedhas.
  2342 | D:5      | Found a shimmering altar of Xom.
  2379 | D:5      | Got a fine morningstar
  2382 | D:5      | Identified the +10 morningstar "Feom" {holy, +Fly rF+} (You found it on level 5 of the Dungeon)
  2411 | D:5      | Found a burning altar of Makhleb.
  2416 | D:5      | Found a glowing silver altar of Zin.
  2416 | D:5      | Noticed an angel
  2417 | D:5      | Noticed a balrug
  2419 | D:5      | Became a worshipper of Makhleb the Destroyer
  2460 | D:5      | Reached skill level 7 in Axes
  2460 | D:5      | Reached XP level 8. HP: 47/64 MP: 8/8
  3004 | D:6      | Reached skill level 8 in Axes
  3552 | D:7      | Noticed Prince Ribbit
  3557 | D:7      | Killed Prince Ribbit
  3557 | D:7      | Reached skill level 9 in Axes
  3557 | D:7      | Reached XP level 9. HP: 55/72 MP: 9/9
  4243 | D:8      | Reached * piety under Makhleb
  4246 | D:8      | Reached skill level 10 in Axes
  4286 | D:8      | Found Doicsiople's Weapon Shoppe.
  4349 | D:8      | Got a dazzling scale mail
  4441 | D:8      | Found Ickywkun's Jewellery Emporium.
  4583 | D:8      | Noticed a hill giant
  4591 | D:8      | Killed a hill giant
  4591 | D:8      | Reached XP level 10. HP: 23/82 MP: 10/10
  4963 | D:9      | Identified a scroll of acquirement
  4972 | D:9      | Found Kexirgh's Jewellery Shoppe.
  5010 | D:9      | Found a staircase to the Lair.
  5134 | D:9      | Found Pyczima's Magic Scroll Shoppe.
  5158 | D:9      | Reached skill level 11 in Axes
  5158 | D:9      | Reached skill level 5 in Armour
  5222 | D:9      | HP: 5/124 [yak (7)]
  5615 | D:9      | Bought a scroll of remove curse for 36 gold pieces
  5631 | D:9      | Found Jaanuixa's General Store.
  5634 | D:9      | Bought a +2 cloak of poison resistance for 240 gold pieces
  5655 | D:9      | Identified the +1 scale mail of Resilience {*Corrode rPois rC- Dex+9} (You took it off a kobold on level 8 of the Dungeon)
  5723 | D:9      | Found Xiempov's Weapon Boutique.
  6337 | D:9      | Reached ** piety under Makhleb
  6550 | D:9      | Found a snail-covered altar of Cheibriados.
  6666 | D:10     | Entered Level 10 of the Dungeon
  6672 | D:10     | Noticed a hill giant
  6684 | D:10     | Killed a hill giant
  6684 | D:10     | Reached XP level 11. HP: 30/90 MP: 3/11
  6700 | D:10     | Reached skill level 12 in Axes
  6901 | D:10     | Reached skill level 10 in Fighting
  7180 | D:10     | Noticed a yaktaur captain
  7189 | D:10     | Slain by a yaktaur captain

Vault maps used:
D:1:      lemuel_arrival_broad_hall
D:2:      minmay_misc_feat_room, st_stairs_6, uniq_iyjb,
          uniq_crazy_yiuf_cottage, uniq_jessica
D:3:      uniq_natasha
D:4:      nicolae_qazlal_eye_of_the_storm, nicolae_tso_swordbearing_angel,
          uniq_robin
D:5:      lemuel_ice_spiral_2, grunt_temple_overflow_order_and_chaos_2,
          grunt_temple_overflow_open, gammafunk_temple_overflow_elements,
          first_bread, serial_shops, shop_statue
D:6:      hangedman_decor_opposing
D:7:      uniq_prince_ribbit1
D:8:      serial_shops, kennysheep_mini, shop
D:9:      slow_altar_2, due_lair_maze_entry_diamond, serial_shops, shop_scrolls,
          nicolae_shop_stone, nicolae_shop_competitors_out_of_business,
          nicolae_shop_behind_doors, hangedman_little_slice_of_home
D:10:     minmay_klotski, minmay_three_doors
Temple:   eino_temple_lava

Skill      XL: |  1  2  3  4  5  6  7  8  9 10 11 |
---------------+----------------------------------+-----
Axes           | 3 4 5 7 9 10 11 12 | 12.2
Fighting       | 4 5 6 7 8 9 10 | 10.0
Armour         | 4 6 |  6.9
Shields        | |  3.6

Action                   |  1- 3 |  4- 6 |  7- 9 | 10-12 || total
-------------------------+-------+-------+-------+-------++-------
Melee: Hand axe          |    42 |   158 |    18 |       ||   218
       Morningstar       |       |       |   135 |     7 ||   142
       Broad axe         |       |       |       |   209 ||   209
 Abil: Dig               |       |       |     2 |       ||     2
Evoke: Wand              |       |       |       |     6 ||     6
  Use: Scroll            |       |     7 |     7 |     5 ||    19
       Potion            |       |       |       |     4 ||     4
  Eat: Chunk             |       |     4 |     8 |     8 ||    20
Armor: Scale mail        |    14 |    54 |    27 |       ||    95
       Chain mail        |       |       |     6 |    71 ||    77
       Skin              |       |       |       |     1 ||     1
Dodge: Dodged            |    12 |    44 |    36 |    38 ||   130
Block: Shield            |    21 |    65 |    72 |    93 ||   251
